woodfighter, chaotic female elven Rogue ------ |....| ---...*.## |......| # ### |.....u.#####f#. |@.....| # # # -a------ ## ## ###########% ### # ###-+------ #.......| |......---- |.......<.| |...^.....| |.......... ----------- woodfighter the Rogue Experience level: 6 Strength: 16 Dexterity: 19 Constitution: 14 Intelligence: 7 Wisdom: 11 Charisma: 8 Health: 0(36) Energy: 30(30) Def: 3 Gold: 77 Moves: 2720 Dungeon seed: 6EuekrysYFpDnODE Game ID: woodfighter_1515190256 Your Inventory: Coins $ - 77 gold pieces Amulets B - a cursed amulet of strangulation Weapons a - a blessed +2 orcish dagger named Orphan Maker (weapon in hand) b - 13 +0 elven daggers (in quiver) p - a blessed +0 elven short sword z - a +0 elven dagger X - a +2 dagger named Aggressive Negotiation Armor e - an uncursed +1 leather armor (being worn) n - a blessed +0 orcish helm q - an uncursed +0 orcish helm r - an uncursed +0 orcish helm A - an uncursed +0 orcish helm Comestibles O - 2 uncursed lembas wafers P - an uncursed food ration Tools g - an uncursed blindfold s - an uncursed sack y - an uncursed lock pick U - an uncursed towel Gems N - an uncursed rock Contents of the sack: 907 gold pieces a [uncursed] tripe ration a [blessed] scroll of blank paper a [uncursed] scroll of create monster a [uncursed] scroll of enchant armor a [uncursed] scroll of identify a [blessed] scroll of light a [uncursed] scroll of magic mapping 2 [uncursed] scrolls of scare monster a [uncursed] scroll of teleportation a [blessed] potion of blindness a [uncursed] potion of enlightenment 3 [uncursed] potions of hallucination a [cursed] potion of hallucination an uncursed potion of sickness a [uncursed] potion of sleeping a [cursed] ring of hunger a [uncursed] ring of warning a [uncursed] wand of fire [0:7] a wand of opening (0:3) Spells and supernatural/magical abilities: Name Level Category Fail Memory W - pray for help -- divine ? -- Your skills at the end: Miscellaneous Skills wands [Basic] Weapon Skills dagger [Basic] short sword [Basic] Spellcasting Skills Final Attributes: You were piously aligned. You were sleep resistant. You had infravision. You were stealthy. You are dead. Vanquished creatures: an ape a fog cloud a golden naga hatchling a puppy a floating eye a kobold shaman 8 hill orcs a jitterbug 2 wererats 2 hobbits an acid blob 3 large kobolds 3 geckos 3 hobgoblins 6 giant rats 4 cave spiders 2 garter snakes 4 manes a gnome zombie 4 jackals 2 foxes 9 newts 5 goblins 6 grid bugs 2 lichens 4 kobold zombies 78 creatures vanquished. Voluntary challenges: You did not adorn yourself with jewelry or accessories. You did not cause conflict. You were not invisible. You did not have reflection. You were not displaced. You used a wielded weapon 87 times, starting on turn 1. You did not apply a unicorn horn. You did not use plumbed fixtures. You did not drink any magical draughts. You were illiterate. You never genocided any monsters. You never polymorphed an object. You never changed form. You used no wishes. You never split a pudding. You never wrote Elbereth's name. You never violated your personal moral code. Dungeon overview: The Dungeons of Doom: levels 1 to 8 Level 1 a fountain a long staircase Level 2 a bookstore, a fountain Level 3 Level 4 stairs to The Gnomish Mines Level 5 a fountain, a sink Level 6 a sink Level 7 many fountains Level 8 <- You were here The Gnomish Mines: Level 5 stairs to The Dungeons of Doom History has recorded: On T:1 you entered the Dungeons of Doom to retrieve the Amulet of Yendor! On T:29 you reached level 2 of The Dungeons of Doom. On T:582 you advanced to experience level 2. On T:693 you reached level 3 of The Dungeons of Doom. On T:729 you reached level 4 of The Dungeons of Doom. On T:735 you advanced to experience level 3. On T:1165 you reached level 1 of The Gnomish Mines. On T:1223 you advanced to experience level 4. On T:1418 you reached level 5 of The Dungeons of Doom. On T:1603 you reached level 6 of The Dungeons of Doom. On T:1633 you prayed to Kos. On T:1846 you advanced to experience level 5. On T:1900 you reached level 7 of The Dungeons of Doom. On T:2564 you reached level 8 of The Dungeons of Doom. On T:2635 you advanced to experience level 6. Score breakdown: Gold: 984 ( 98 points) Experience: 6 levels ( 500 points) Exploration: 8 levels ( 210 points) Discoveries: 20 items ( 1000 points) Variety of kills: 26 monsters ( 1300 points) Major goal: (nothing yet) ( 0 points) Survival: died (score multiplied by 3) Total score: 9324 Latest messages: b - a +0 elven dagger (in quiver). $ - 77 gold pieces. Kitty falls into a pit! You stop exploring. You destroy the kobold zombie! You see here a kobold corpse. You stop searching. The puppy bites! You stab the puppy! The puppy bites! You stab the puppy. The puppy bites! (2x) You stab the puppy. The puppy bites! You kill the puppy! You see here a lembas wafer. O - a lembas wafer. You see here 8 rocks. N - a rock. You stop exploring. The door opens. The soldier ant bites! The soldier ant stings! You stab the soldier ant. The soldier ant bites! The soldier ant stings! You die... Final status: Goodbye woodfighter the Rogue, killed by a soldier ant... You died in The Dungeons of Doom on dungeon level 8 with 9324 points, and 984 pieces of gold, after 2720 moves. You were level 6 with a maximum of 36 hit points when you died.